 Dungeon Crawl Stone Soup version 0.25.1-8-g42b30a86e7 (webtiles) character file.

Game seed: 4320033250609136594

1308 hehateme the Skirmisher (level 8, -3/132 HPs)
             Began as an Ogre Artificer on Dec 3, 2020.
             Slain by an ice beast (5 damage)
             ... on level 5 of the Dungeon.
             The game lasted 00:13:37 (9692 turns).

hehateme the Skirmisher (Ogre Artificer)            Turns: 9692, Time: 00:13:38

Health: -3/132     AC:  3    Str: 19    XL:     8   Next: 58%
Magic:  9/9        EV:  6    Int: 12    God:
Gold:   396        SH: 13    Dex:  9    Spells: 7/7 levels left

rFire    . . .     SeeInvis .   A - +0 war axe
rCold    . . .     Gourm    .   t - +0 tower shield
rNeg     . . .     Faith    .   b - +0 robe
rPois    .         Spirit   .   (helmet restricted)
rElec    .         Reflect  .   (no cloak)
rCorr    .         Harm     .   (gloves unavailable)
MR       .....                  (boots unavailable)
Stlth    ..........             (no amulet)
HPRegen  0.32/turn              (no ring)
MPRegen  0.11/turn              (no ring)

@: berserking, very slightly contaminated, invisible, very quick
A: large, unfitting armour, tough skin 1
a: no special abilities


You were on level 5 of the Dungeon.
You were near starving.

You visited 1 branch of the dungeon, and saw 7 of its levels.
You also visited: Sewer.

You collected 396 gold pieces.

Inventory:

Hand Weapons
 a - a +0 short sword
 g - a +0 short sword
 n - a +1 spear
 p - a +0 hand axe
 A - a +0 war axe (weapon)
Armour
 b - a +0 robe (worn)
 t - a +0 tower shield (worn)
 u - a +2 pair of gloves
Jewellery
 l - an uncursed ring of protection from magic {unknown}
 m - an uncursed ring of resist corrosion {unknown}
 r - an uncursed ring of positive energy {unknown}
 H - a cursed -4 ring of slaying {unknown}
 I - an uncursed amulet of regeneration {unknown}
Wands
 c - a wand of flame (15)
 d - a wand of enslavement (8)
 e - a wand of random effects (13)
 j - a wand of paralysis (9)
 s - a wand of acid (13)
 J - a wand of disintegration (11)
 K - a wand of clouds (5)
Scrolls
 h - a scroll of teleportation
 i - 2 scrolls of fear {unknown}
 o - 4 scrolls of identify
 q - 6 scrolls of remove curse
 y - 3 scrolls of magic mapping {unknown}
 z - a scroll of amnesia {unknown}
 C - a scroll of immolation {unknown}
 D - a scroll of enchant weapon
 G - 2 scrolls of random uselessness {unknown}
Potions
 k - a potion of degeneration
 v - 3 potions of mutation
 F - a potion of brilliance
 L - a potion of might {unknown}
Comestibles
 f - 9 rations


   Skills:
 + Level 7.7 Fighting
 - Level 0.8 Short Blades
 * Level 3.3(4.4) Axes
 - Level 4.3(4.9) Polearms
 - Level 2.5 Armour
 - Level 1.7 Dodging
 - Level 0.6 Stealth
 + Level 4.0 Shields
 - Level 2.4 Evocations


You had 7 spell levels left.
You didn't know any spells.
Your spell library was empty.

Dungeon Overview and Level Annotations

Branches:
Dungeon (7/15)              Sewer (visited)
 Temple: D:4-7

Altars:
Dithmenos
Hepliaklqana
Nemelex Xobeh
Okawaru
Qazlal
Xom

Shops:
D:6 }

Annotations:
D:6 2 transporters
D:7 Maggie


Innate Abilities, Weirdness & Mutations

You are too large for most types of armour.
You have tough skin. (AC +1)


Message History

You closely miss the crimson imp.
You catch the helpless ice beast completely off-guard!
You hit the ice beast but do no damage. The crimson imp hits you.
* * * LOW HITPOINT WARNING * * *
Unknown command.
You feel better. You block the crimson imp's attack.
You block the ice beast's attack.
A red film seems to cover your vision as you go berserk!
You feel yourself moving faster!
You feel mighty!
The crimson imp hits you but does no damage.
The ice beast hits you.
* * * LOW HITPOINT WARNING * * *
The ice beast freezes you!
* * * LOW HITPOINT WARNING * * *
You barely miss the ice beast.
The ice beast is heavily wounded.
You completely miss the crimson imp. The crimson imp hits you.
* * * LOW HITPOINT WARNING * * *
The ice beast hits you.
You die...

#### #.## ######... #..##
#..###...###.. #...##
#..#E#...#E#.. #....#
#..###...###.. ##.#.#
##(............
###.#.####......._......
##...#.................##
##.......Y...[.###...#####
########........@.....#E#...#E##<
...#.<...........5.[#.###...###..
.......#............#.#..#.##<###
...###.....................##.###
...# #####...##........#..#...##.
#### ###########........###..
##...###....#... #.........#...#.
##...............


You could see an ice beast and a crimson imp.

Vanquished Creatures
  Grinder (D:4)
  5 ogres
  A centaur (D:6)
  A crocodile (Sewer)
  A howler monkey (D:5)
  A crimson imp (D:6)
  A bullfrog skeleton (D:4)
  A bullfrog zombie (D:5)
  An orc priest (D:3)
  3 iguanas
  4 worker ants
  A hound skeleton (D:5)
  9 adders
  3 oozes
  2 adder skeletons
  3 worms
  2 dart slugs
  A leopard gecko (D:6)
  12 orcs
  2 ball pythons
  9 giant cockroaches
  5 goblins
  5 hobgoblins
  11 jackals
  5 kobolds
  3 quokkas
  4 bats
  7 frilled lizards
  A leopard gecko skeleton (D:4)
  A quokka zombie (D:6)
  10 rats
116 creatures vanquished.

Vanquished Creatures (collateral kills)
  An orc (D:4)
1 creature vanquished.

Vanquished Creatures (others)
  A ball python (D:4)
1 creature vanquished.

Grand Total: 118 creatures vanquished

Notes
Turn   | Place    | Note
-------+----------+-------------------------------------------
     0 | D:1      | hehateme the Ogre Artificer began the quest for the Orb.
     0 | D:1      | Reached XP level 1. HP: 19/19 MP: 2/2
   128 | D:1      | Reached skill level 2 in Fighting
   133 | D:1      | Reached XP level 2. HP: 6/28 MP: 3/3
   951 | D:1      | Reached skill level 1 in Armour
  1618 | D:2      | Reached XP level 3. HP: 34/36 MP: 4/4
  1745 | D:2      | Reached skill level 3 in Fighting
  2433 | D:2      | Reached XP level 4. HP: 40/45 MP: 5/5
  3086 | D:3      | Reached skill level 4 in Fighting
  3976 | D:3      | Reached XP level 5. HP: 20/55 MP: 6/6
  5189 | D:3      | Found a sparkling altar of Nemelex Xobeh.
  5265 | D:4      | Reached skill level 1 in Polearms
  5265 | D:4      | Reached skill level 1 in Shields
  5371 | D:4      | Noticed Grinder
  5397 | D:4      | Paralysed by Grinder for 4 turns
  5410 | D:4      | Paralysed by Grinder for 4 turns
  5441 | D:4      | Paralysed by Grinder for 4 turns
  5446 | D:4      | Killed Grinder
  5446 | D:4      | Reached skill level 5 in Fighting
  5446 | D:4      | Reached XP level 6. HP: 47/67 MP: 7/7
  5652 | D:4      | Found an iron altar of Okawaru.
  5663 | D:4      | Reached skill level 6 in Fighting
  5663 | D:4      | Reached XP level 7. HP: 72/75 MP: 8/8
  5983 | D:4      | You fall into a shaft and drop 1 floor!
  5983 | D:5      | Entered Level 5 of the Dungeon
  5984 | D:5      | Noticed a fire elemental
  5989 | D:5      | Found a stormy altar of Qazlal.
  5992 | D:5      | Noticed an air elemental
  5992 | D:5      | Noticed a water elemental
  7054 | D:4      | Reached XP level 8. HP: 81/84 MP: 9/9
  7642 | D:5      | Reached skill level 7 in Fighting
  7673 | D:5      | Reached skill level 1 in Axes
  7890 | D:6      | Found a glowing drain.
  8066 | D:6      | Found Muhalun's Gadget Shoppe.
  8151 | Sewer    | Entered a sewer
  8819 | D:6      | Found a transporter.
  8826 | D:6      | Noticed a purple ugly thing
  8827 | D:6      | Found a transporter.
  8834 | D:6      | Found a shimmering altar of Xom.
  8834 | D:6      | Found a shadowy altar of Dithmenos.
  8834 | D:6      | Found a hazy altar of Hepliaklqana.
  9663 | D:7      | Noticed Maggie
  9689 | D:5      | HP: 3/88 [crimson imp (2)]
  9692 | D:5      | Slain by an ice beast

Illustrated notes

Levels and vault maps discovered:
D:1:      dpeg_arrival_simpleton_c, layout_basic, hangedman_decor_push
D:2:      layout_loops_cross
D:3:      layout_basic, first_ration, nemelex_dance_club_becter
D:4:      layout_rooms, okawaru_metal_pillars_3, uniq_grinder
D:5:      layout_rooms, nicolae_qazlal_style_of_elements
D:6:      layout_loops_cross, gammafunk_temple_overflow_arena,
          gup_sewer_entry_glass, serial_shops, shop_statue
D:7:      kennysheep_spiral_hall, layout_rooms, minmay_temple_entry_sparse_star,
          basic_altar, enter_bailey_3, minmay_statues_item, uniq_maggie

Skill      XL: |  1  2  3  4  5  6  7  8 |
---------------+-------------------------+-----
Fighting       | 2 3 4 5 6 7 |  7.7
Armour         | 1 2 |  2.5
Polearms       | 2 4 |  4.3
Shields        | 2 3 4 |  4.0
Axes           | 3 |  3.3
Short Blades   | |  0.8
Dodging        | |  1.7
Stealth        | |  0.6
Evocations     | |  2.4

Action                   |  1- 3 |  4- 6 |  7- 9 || total
-------------------------+-------+-------+-------++-------
Melee: Short sword       |    67 |       |       ||    67
       Spear             |    66 |   133 |       ||   199
       Hand axe          |       |    55 |    72 ||   127
       War axe           |       |       |   104 ||   104
Evoke: Wand              |       |     1 |    16 ||    17
  Use: Scroll            |     5 |       |     6 ||    11
       Potion            |       |     5 |     7 ||    12
 Stab: Distracted        |     1 |       |       ||     1
       Sleeping          |       |     2 |       ||     2
       Invisible         |       |       |     1 ||     1
  Eat: Chunk             |     5 |     7 |    11 ||    23
       Ration            |       |     1 |       ||     1
Armor: Robe              |    31 |    32 |    35 ||    98
       Skin              |       |     8 |       ||     8
Dodge: Dodged            |    62 |    50 |    41 ||   153
Block: Tower shield      |       |    57 |   147 ||   204
